 Dungeon Crawl Stone Soup version 0.23.1 (webtiles) character file.

Game seed: 11231769086247652837

126 Borgoz the Skirmisher (level 5, 0/46 HPs)
             Began as a Ghoul Monk on Mar 17, 2019.
             Slain by a gnoll (8 damage)
             ... on level 3 of the Dungeon.
             The game lasted 00:03:38 (1996 turns).

Borgoz the Skirmisher (Ghoul Monk)                  Turns: 1996, Time: 00:03:39

Health: 0/46       AC:  4    Str: 15    XL:     5   Next: 9%
Magic:  4/4        EV: 13    Int:  6    God:
Gold:   122        SH:  0    Dex: 13    Spells: 4/4 levels left

rFire    . . .     SeeInvis .   a - +0 short sword
rCold    + . .     Gourm    .   (no shield)
rNeg     + + +     Faith    .   r - +0 robe
rPois    ∞         Spirit   .   (no helmet)
rElec    .         Reflect  .   (no cloak)
rCorr    .         Harm     .   (no gloves)
MR       .....                  d - +1 pair of boots
Stlth    ++........             (no amulet)
HPRegen  0.00/turn              t - +2 ring of dexterity
MPRegen  0.09/turn              (no ring)

@: rotting, hasted, very quick
A: rotting body, claws 1, carnivore, cold resistance 1, negative energy
resistance 3, inhibited regeneration, torment resistance, unbreathing
a: no special abilities


You were on level 3 of the Dungeon.
You were not hungry.

You visited 1 branch of the dungeon, and saw 3 of its levels.

You collected 122 gold pieces.

Inventory:

Hand Weapons
 a - a +0 short sword (weapon)
 b - a +0 blowgun
Missiles
 m - 4 tomahawks (quivered)
 s - 11 poisoned needles
 y - a throwing net
Armour
 d - a +1 pair of boots (worn)
 r - a +0 robe (worn)
Jewellery
 t - a +2 ring of dexterity (left claw)
Wands
 w - a wand of paralysis (9)
Scrolls
 g - 3 scrolls of amnesia {unknown}
 h - 2 scrolls of remove curse {unknown}
 i - a scroll of enchant armour {unknown}
 j - 2 scrolls of teleportation {unknown}
 k - a scroll of identify {unknown}
 n - a scroll of noise {unknown}
 o - a scroll of random uselessness {unknown}
Potions
 e - a potion of curing
 p - a potion of brilliance {unknown}
 q - a potion of lignification {unknown}
 u - a potion of berserk rage {unknown}
 v - a potion of cancellation {unknown}
 x - 2 potions of heal wounds {unknown}
 z - a potion of ambrosia {unknown}
Comestibles
 c - 3 rations
 f - 4 chunks of flesh


   Skills:
 + Level 3.7 Fighting
 * Level 3.4 Short Blades
 * Level 1.8 Armour
 * Level 3.4 Dodging
 + Level 2.9 Stealth


You had 4 spell levels left.
You didn't know any spells.
Your spell library was empty.

Dungeon Overview and Level Annotations

Branches:
Dungeon (3/15)

Altars:


Innate Abilities, Weirdness & Mutations

Your body is rotting away.
You thrive on raw meat.
You are immune to poison.
You have sharp fingernails.
You are carnivorous and can eat meat at any time.
Your flesh is cold resistant. (rC+)
You are immune to negative energy. (rN+++)
You do not regenerate when monsters are visible.
You are immune to unholy pain and torment.
You can survive without breathing.


Message History

You kill the gnoll!
The gnoll barely misses you.
You hit the gnoll.
The gnoll is moderately wounded.
The gnoll misses you.
You hit the gnoll but do no damage.
The gnoll is moderately wounded.
You completely miss the gnoll.
The gnoll is moderately wounded.
The gnoll hits you.
You barely miss the gnoll.
The gnoll is moderately wounded.
You hit the gnoll.
The gnoll is moderately wounded.
The gnoll hits you!
* * * LOW HITPOINT WARNING * * *
You closely miss the gnoll.
The gnoll is moderately wounded.
The gnoll hits you!
You die...

#. .. .###. ..... ... ... #.#
#.# ####g# #...# #..@)# #...#
#.#### #...# ##########.###
#...#
#............#########...####
#.............##.............
#...........#................
#......##.....##.............
#......##....#######.......##
######(...>..# #.#...#.#


You could see a gnoll.

Vanquished Creatures
  2 gnolls (D:3)
  4 adders
  An ooze (D:1)
  4 dart slugs
  2 leopard geckos (D:1)
  2 bats
  3 giant cockroaches (D:1)
  8 goblins
  8 hobgoblins
  2 jackals (D:3)
  2 quokkas
  5 frilled lizards
  6 kobolds
  8 rats
57 creatures vanquished.

Notes
Turn   | Place    | Note
-------+----------+-------------------------------------------
     0 | D:1      | Borgoz the Ghoul Monk began the quest for the Orb.
     0 | D:1      | Reached XP level 1. HP: 19/19 MP: 0/0
   211 | D:1      | Reached XP level 2. HP: 26/26 MP: 1/1
   440 | D:1      | Reached skill level 1 in Armour
   440 | D:1      | Reached XP level 3. HP: 25/31 MP: 2/2
  1351 | D:2      | Reached XP level 4. HP: 33/38 MP: 3/3
  1983 | D:3      | Reached XP level 5. HP: 20/46 MP: 4/4
  1996 | D:3      | Slain by a gnoll

Skill      XL: |  1  2 |
---------------+-------+-----
Dodging        | 3 |  3.4
Short Blades   | 3 |  3.4
Armour         | 1 |  1.8
Fighting       | |  3.7
Stealth        | |  2.9

Action                   |  1- 3 |  4- 6 || total
-------------------------+-------+-------++-------
Melee: Short sword       |   142 |    88 ||   230
Throw: Tomahawk          |       |     1 ||     1
  Use: Potion            |       |     3 ||     3
 Stab: Sleeping          |     4 |     3 ||     7
  Eat: Chunk             |    11 |     8 ||    19
Armor: Robe              |    27 |    16 ||    43
Dodge: Dodged            |    81 |    63 ||   144
